Map: Ever Dream LE

Players

LiquidMaNa (MaNa) - Winner!

  • Race: Protoss Protoss
  • League: Grandmaster
  • Spawn Location: 1:00

goblin

  • Race: Protoss Protoss
  • League: Master
  • Spawn Location: 7:00

Event: DreamHack SC2 Masters 2020 Summer Europe

VOD

Have the link to the VOD?

Description

Time

  • Played on: June 28, 2020, 1:26 p.m.
  • Length: 8:54

All games in this series

Show
View Real Time Build Order
Export as new Build Order

LiquidMaNa Protoss - Winner!

Build Orders:  

Get SALT Encoding   

  12  0:00  Probe  
  13  0:12  Probe  
  14  0:18  Pylon  
  14  0:24  Probe  
  15  0:32  Probe  
  15  0:37  Gateway  
  15  0:40  Probe  
  16  0:47  Assimilator  
  17  0:51  Probe  
  17  0:56  Assimilator  
  18  0:59  Probe  
  19  1:08  Probe  
  19  1:09  Gateway  
  19  1:18  Probe  
  20  1:25  Cybernetics Core  
  21  1:30  Probe  
  22  1:34  Pylon  
  22  1:42  Probe  
  23  1:52  Warp Gate  
  23  1:54  Probe  
  24  2:01  Adept x2  
  24  2:06  Probe  
  29  2:10  Pylon  
  29  2:21  Pylon  
  29  2:31  Adept x2  
  33  2:50  Pylon  
  33  2:54  Nexus  
  33  3:05  Adept  
  35  3:07  Adept  
  37  3:17  Robotics Facility  
  37  3:23  Shield Battery  
  37  3:41  Stargate  
  37  3:45  Sentry, Stalker  
  41  3:54  Pylon  
  40  3:55  Pylon  
  40  3:59  Shield Battery  
  40  4:11  Pylon  
  40  4:13  Immortal  
  40  4:16  Zealot  
  45  4:22  Phoenix  
  45  4:28  Pylon  
  47  4:36  Pylon  
  47  4:44  Phoenix  
  47  4:49  Zealot  
  51  5:02  Immortal  
  56  5:16  Phoenix  
  56  5:20  Probe  
  58  5:28  Pylon  
  58  5:32  Probe  
  59  5:36  Observer  
  59  5:41  Phoenix  
  62  5:43  Observer  
  62  5:51  Probe  
  62  5:53  Zealot  
  65  5:57  Pylon  
  65  6:12  Observer  
  65  6:16  Immortal  
  69  6:33  Phoenix  
  71  6:49  Gateway  
  71  6:55  Warp Prism  
  73  7:01  Phoenix  
  75  7:08  Pylon  
  75  7:09  Pylon  
  74  7:31  Observer  
  74  7:34  Phoenix  
  77  7:38  Observer  
  75  7:45  Sentry  
  75  7:47  Gateway  
  77  8:01  Phoenix  
  83  8:13  Immortal  
  81  8:41  Probe  
Show
View Real Time Build Order
Export as new Build Order

goblin Protoss 

Build Orders:  

Get SALT Encoding   

  12  0:00  Probe  
  13  0:12  Probe  
  14  0:17  Pylon  
  14  0:24  Probe  
  15  0:32  Probe  
  15  0:36  Gateway  
  15  0:40  Probe  
  16  0:45  Assimilator  
  17  0:51  Probe  
  17  0:53  Assimilator  
  18  0:59  Probe  
  19  1:06  Gateway  
  19  1:07  Probe  
  19  1:17  Probe  
  20  1:24  Cybernetics Core  
  21  1:29  Probe  
  22  1:41  Pylon, Probe  
  23  1:59  Probe  
  24  2:02  Robotics Facility  
  24  2:08  Stalker  
  24  2:10  Stalker  
  28  2:17  Pylon  
  28  2:38  Immortal, Stalker  
  28  2:40  Stalker  
  35  2:54  Shield Battery  
  35  2:59  Pylon  
  35  3:08  Warp Prism  
  37  3:29  Gateway, Warp Gate  
  37  3:42  Pylon  
  37  3:43  Pylon  
  35  4:01  Immortal  
  39  4:07  Gateway  
  39  4:27  Sentry  
  39  4:28  Sentry  
  43  4:31  Pylon  
  43  4:40  Observer  
  44  4:47  Gateway, Pylon  
  44  4:55  Immortal  
  48  5:18  Sentry  
  48  5:20  Stalker  
  48  5:21  Stalker, Zealot  
  56  5:32  Pylon  
  56  5:42  Observer  
  56  5:48  Observer  
  56  5:50  Observer  
  56  5:51  Adept x5  
  66  6:08  Pylon  
  66  6:12  Adept x2  
  66  6:18  Observer  
  53  6:41  Observer  
  53  6:44  Adept x2  
  57  6:49  Zealot x2  
  57  6:50  Zealot  
  63  7:21  Nexus  
  58  7:30  Observer  
  58  7:42  Probe  
  58  7:50  Probe  
  59  7:54  Sentry  
  59  7:55  Adept x2  
  65  8:00  Probe  
  65  8:01  Observer  
  67  8:06  Unknown  
  67  8:10  Pylon  
  67  8:12  Probe  
  60  8:18  Stalker  
  50  8:32  Shield Battery  
  46  8:39  Stalker x2  
Tags
 
Add a new tag
Caveats
  • Supply blocks, unpowered buildings, or Contaminate may cause inaccurate times.
  • Supply counts are checked every 10 seconds.